Map: Golden Wall LE

Players

Koba - Winner!

  • Race: Protoss Protoss
  • League: Diamond
  • Spawn Location: 7:00

RyuKey

  • Race: Terran Terran
  • League: Diamond
  • Spawn Location: 5:00

VOD

Have the link to the VOD?

Description

Time

  • Played on: June 21, 2020, 7:40 p.m.
  • Length: 8:24
Show
View Real Time Build Order
Export as new Build Order

Koba Protoss - Winner!

Build Orders: Blink Stalkers 

Get SALT Encoding   

  12  0:01  Probe  
  13  0:14  Probe  
  14  0:18  Pylon  
  14  0:24  Probe  
  15  0:32  Probe  
  15  0:39  Gateway  
  15  0:41  Probe  
  16  0:46  Assimilator  
  17  0:53  Probe  
  18  1:07  Pylon  
  18  1:08  Probe  
  19  1:16  Probe  
  20  1:27  Cybernetics Core  
  20  1:28  Probe  
  20  1:32  Assimilator  
  21  1:40  Probe  
  22  1:52  Probe  
  23  1:57  Nexus  
  23  1:59  Warp Gate  
  23  2:04  Adept  
  25  2:22  Twilight Council  
  25  2:34  Stalker  
  26  2:49  Probe  
  27  2:57  Stalker  
  27  3:01  Probe, Blink  
  30  3:09  Gateway  
  30  3:11  Probe  
  31  3:18  Probe, Gateway  
  32  3:23  Probe  
  33  3:33  Stalker  
  35  3:34  Probe  
  35  3:35  Probe  
  37  3:48  Probe  
  37  3:49  Probe  
  39  3:58  Probe  
  39  4:01  Probe  
  41  4:06  Probe  
  41  4:09  Stalker  
  43  4:13  Probe  
  41  4:20  Probe  
  42  4:25  Pylon, Probe  
  42  4:26  Stalker  
  42  4:27  Robotics Facility  
  45  4:32  Probe  
  46  4:39  Pylon  
  46  4:41  Assimilator  
  46  4:43  Probe, Gateway  
  46  4:44  Probe  
  46  4:45  Gateway  
  48  4:49  Charge  
  48  4:50  Pylon, Stalker  
  50  4:52  Stalker  
  52  5:16  Stalker  
  52  5:17  Stalker x2  
  52  5:18  Observer  
  59  5:40  Observer  
  58  5:42  Stalker x2  
  59  6:04  Warp Prism  
  58  6:14  Forge  
  58  6:17  Probe x2  
  57  6:27  Probe  
  57  6:31  Zealot x5  
  57  6:32  Probe  
  68  6:36  Probe  
  68  6:37  Pylon  
  69  6:40  Pylon  
  69  6:42  Pylon  
  70  6:50  Photon Cannon  
  70  6:52  Photon Cannon  
  70  6:54  Probe  
  71  7:02  Zealot x3  
  71  7:03  Zealot x2  
  71  7:08  Immortal  
  85  7:22  Pylon  
  85  7:24  Pylon, Zealot, Sentry x2  
  91  7:51  Zealot  
  91  7:52  Zealot x3  
Show
View Real Time Build Order
Export as new Build Order

RyuKey Terran 

Build Orders: Reaper Expand, Hellion Banshee 

Get SALT Encoding   

  12  0:00  SCV  
  13  0:13  SCV  
  14  0:19  Supply Depot  
  14  0:26  SCV  
  15  0:40  SCV  
  15  0:42  Barracks  
  16  0:46  Refinery  
  16  0:52  SCV  
  17  1:05  SCV  
  18  1:17  SCV  
  19  1:31  Orbital Command  
  19  1:32  Reaper  
  20  1:46  Command Center  
  20  1:57  SCV  
  21  2:02  Supply Depot  
  21  2:10  SCV  
  21  2:12  Factory  
  22  2:22  SCV  
  23  2:23  Barracks Reactor  
  23  2:25  Refinery  
  23  2:33  Supply Depot  
  23  2:34  SCV  
  24  2:46  SCV  
  25  2:59  SCV, Starport  
  25  3:04  Orbital Command  
  26  3:08  Hellion  
  26  3:10  Hellion  
  26  3:11  SCV  
  31  3:14  Barracks Tech Lab  
  31  3:23  SCV  
  32  3:29  Hellion  
  32  3:31  Hellion  
  36  3:35  SCV  
  37  3:45  SCV  
  37  3:47  SCV  
  36  3:59  SCV  
  36  4:00  Cloaking Field, Banshee  
  36  4:01  Hellion  
  36  4:02  Hellion  
  41  4:13  SCV  
  38  4:19  Armory  
  38  4:22  Supply Depot  
  38  4:23  Hellion x2  
  40  4:24  SCV  
  40  4:30  SCV  
  42  4:37  SCV  
  43  4:43  Banshee, SCV  
  43  4:44  Hellion x2  
  51  4:49  SCV  
  51  4:52  Barracks Tech Lab  
  52  4:53  Supply Depot  
  52  4:55  SCV  
  52  4:59  Bunker  
  53  5:01  SCV  
  54  5:07  SCV  
  54  5:09  Terran Vehicle Weapons Level 1  
  54  5:12  Marauder  
  57  5:15  Supply Depot  
  57  5:16  SCV  
  56  5:27  Hellion x2  
  55  5:31  SCV x2  
  55  5:33  Marauder  
  53  5:43  SCV  
  53  5:48  Banshee, Hellion x2  
  60  5:54  Marine  
  60  5:55  SCV x2  
  61  6:07  SCV  
  62  6:12  Marine  
  62  6:13  SCV  
  64  6:20  Hyperflight Rotors  
  61  6:29  SCV  
  61  6:32  SCV  
  63  6:41  SCV  
  63  6:44  SCV  
  65  6:51  Command Center  
  65  6:53  SCV  
  66  6:56  Banshee  
  66  7:01  Refinery  
  67  7:03  Refinery, Supply Depot  
  67  7:05  SCV  
  68  7:12  Armory  
  68  7:14  SCV  
  69  7:19  Marine, SCV  
  71  7:26  SCV  
  71  7:28  Hellion  
  71  7:29  Hellion x3  
  72  7:31  SCV  
  73  7:38  Factory, SCV  
  73  7:39  Factory Reactor  
  73  7:43  SCV  
  75  7:50  SCV  
Tags
 
Add a new tag
Caveats
  • Supply blocks, unpowered buildings, or Contaminate may cause inaccurate times.
  • Supply counts are checked every 10 seconds.